AoeStats
← Ze taboca5485

Nomad

510219597Analyzed
2v2 RM · 1d ago on Sep 30, 2026· 27m 30s· 4 players
Game mode
Random Map
Map size
176×176
Population
200
Speed
Normal
Resources
Standard
Victory
Conquest
Starting age
Dark Age
Ending age
Imperial Age
RankedLock teamsTeams togetherTeam positionsShared explorationLock speedFull tech treeHidden civsTurbo modeCheats
Victory
Defeat
🇪🇸 Huns · Spain
856
+10
🇨🇦 Danes · Canada
604
+21
🇧🇷 Cumans · Brazil
735
-16
🇧🇷 Bulgarians · Brazil
699
-15
Ze taboca5485
11:24 Loom
18:46 Feudal Age
20:14 Man-at-Arms
21:11 Arson
halou157
18:09 Feudal Age
18:39 Double-Bit Axe
19:55 Town Watch
22:39 Loom
25:28 Arson
V snacks
7:16 Loom
17:38 Feudal Age
22:17 Wheelbarrow
21:39 Fletching
29:01 Castle Age
26:55 Town Watch
29:24 Castle Age
27:39 Scale Mail Armor
28:02 Forging
DOLAR2305
3:40 Loom
19:16 Feudal Age
19:43 Man-at-Arms
20:09 Arson
21:21 Wheelbarrow
23:59 Castle Age
23:27 Forging
23:18 Scale Mail Armor
23:50 Double-Bit Axe
25:13 Long Swordsman
25:57 Squires
26:37 Iron Casting
Connection lost

Rejoining the realm…

Still unreachable

The connection could not be restored.

Session expired

The server has moved on; the page needs a fresh start.